 Dungeon Crawl Stone Soup version 0.27-a0-1191-g601b473118 (webtiles) character file.

Game seed: 9893221589188630611

345 leviel the Cleaver (level 6, -2/51 HPs)
             Began as a Hill Orc Fighter on May 24, 2021.
             Succumbed to a water moccasin's poison
             ... on level 3 of the Dungeon.
             The game lasted 00:03:12 (4658 turns).

leviel the Cleaver (Hill Orc Fighter)               Turns: 4658, Time: 00:03:12

Health: -2/51      AC:  6    Str: 21    XL:     6   Next: 58%
Magic:  0/6        EV:  7    Int:  8    God:
Gold:   134        SH:  9    Dex: 10    Spells: 5/5 levels left

rFire    . . .     SeeInvis .   a - +0 war axe
rCold    . . .     Faith    .   c - +0 kite shield
rNeg     . . .     Spirit   +   b - +0 scale mail
rPois    .         Reflect  .   (no helmet)
rElec    .         Harm     .   (no cloak)
rCorr    .         Rampage  .   (no gloves)
Will     .....                  (no boots)
Stlth    ..........             j - amulet of guardian spirit
HPRegen  0.17/turn              (no ring)
MPRegen  0.10/turn              (no ring)

@: brilliant, lethally poisoned (-2 -> -14), hasted, very quick
A: no striking features
a: no special abilities


You were on level 3 of the Dungeon.
You visited 1 branch of the dungeon, and saw 4 of its levels.

You collected 134 gold pieces.

Inventory:

Hand Weapons
 a - a +0 war axe (weapon)
Armour
 b - a +0 scale mail (worn)
 c - a +0 kite shield (worn)
Jewellery
 j - an amulet of guardian spirit (around neck)
Scrolls
 e - a scroll of acquirement {unknown}
 g - a scroll of torment {unknown}
 h - 4 scrolls of identify {unknown}
 k - a scroll of fear {unknown}
Potions
 d - a potion of might
 f - a potion of brilliance
 i - a potion of haste


   Skills:
 - Level 3.6 Fighting
 + Level 9.0 Axes
 - Level 3.2 Armour
 - Level 3.2 Shields


You had 5 spell levels left.
You didn't know any spells.
Your spell library contained the following spells:

 Spells                   Type           Power      Damage    Failure   Level
 Beastly Appendage        Tmut           0%         N/A       99%         1
 Wereblood                Tmut           0%         N/A       100%        2
 Spider Form              Tmut/Pois      0%         N/A       100%        3
 Ice Form                 Ice/Tmut       0%         N/A       100%        4
 Hydra Form               Tmut           0%         N/A       100%        5


Dungeon Overview and Level Annotations

Branches:
Dungeon (4/15)
 Temple: D:4-7

Altars:

Annotations:
D:2 1 runed translucent door, Crazy Yiuf


Message History

You feel sick. The water moccasin closely misses you.
You closely miss the water moccasin.
The water moccasin is lightly wounded.
You feel sick. The water moccasin bites you.
* * * LOW HITPOINT WARNING * * *
You slash the water moccasin!
The water moccasin is moderately wounded.
You feel sick. The water moccasin barely misses you.
You hit the water moccasin.
The water moccasin is heavily wounded.
You feel sick. The water moccasin bites you.
* * * LOW HITPOINT WARNING * * *
You are lethally poisoned!
The water moccasin poisons you!
It was a potion of brilliance.
You feel clever all of a sudden.
* * * LOW HITPOINT WARNING * * *
You feel very sick. You block the water moccasin's attack.
Okay, then.
You miss the water moccasin.
The water moccasin is heavily wounded.
* * * LOW HITPOINT WARNING * * *
You feel very sick. The water moccasin bites you.
* * * LOW HITPOINT WARNING * * *
You feel better. The water moccasin barely misses you.
You closely miss the water moccasin.
The water moccasin is heavily wounded.
The water moccasin bites you.
* * * LOW HITPOINT WARNING * * *
You closely miss the water moccasin.
The water moccasin is heavily wounded.
You block the water moccasin's attack. The water moccasin bites you.
* * * LOW HITPOINT WARNING * * *
You are lethally poisoned!
The water moccasin poisons you!
You miss the water moccasin.
The water moccasin is heavily wounded.
You die...

.### ##..##..##)......#.#.......
.######........................#.
......#...###..#..########.###.#.
......#....###.#..# #.....#.#.
......#....###....######.#.#.#.#.
......................##.#.#.#.#.
......#...#####.......†..#.#.....
#.........# #.)S....##########.
#.####....# #.@)...............
#.#.......# ############.......
..#.......# #....... #.###..#..#
#......# #####..#..# #......#
..........# #......# .#####..#.#
######## .##.....#.# .##.#...#.#


You could see a water moccasin.

Vanquished Creatures
  A black bear (D:4)
  A scorpion (D:3)
  A hound (D:3)
  An iguana (D:2)
  A hound skeleton (D:2)
  3 gnolls (D:3)
  3 adders
  2 adder skeletons
  A worm (D:3)
  A dart slug (D:1)
  7 orcs (D:3)
  6 bats
  4 endoplasms
  5 giant cockroaches
  3 goblins (D:2)
  5 hobgoblins
  3 jackals (D:1)
  2 quokkas (D:3)
  5 ball pythons
  8 kobolds
  5 rats
68 creatures vanquished.

Notes
Turn   | Place    | Note
-------+----------+-------------------------------------------
     0 | D:1      | leviel the Hill Orc Fighter began the quest for the Orb.
     0 | D:1      | Reached XP level 1. HP: 19/19 MP: 1/1
    95 | D:1      | Reached skill level 3 in Axes
   288 | D:1      | Reached XP level 2. HP: 9/26 MP: 2/2
   617 | D:1      | Reached skill level 4 in Axes
   725 | D:1      | Reached XP level 3. HP: 16/31 MP: 3/3
  1307 | D:2      | Reached skill level 5 in Axes
  1491 | D:2      | Found a faded altar of an unknown god.
  1905 | D:2      | Reached XP level 4. HP: 39/39 MP: 4/4
  2006 | D:2      | Found a runed translucent door.
  2007 | D:2      | Noticed Crazy Yiuf
  2134 | D:2      | Reached skill level 6 in Axes
  2972 | D:3      | Reached XP level 5. HP: 20/45 MP: 5/5
  3274 | D:3      | Reached skill level 7 in Axes
  4375 | D:4      | Noticed a black bear
  4386 | D:4      | Killed a black bear
  4387 | D:4      | Reached skill level 8 in Axes
  4387 | D:4      | Reached XP level 6. HP: 33/51 MP: 1/6
  4494 | D:4      | Noticed a water moccasin
  4647 | D:3      | Reached skill level 9 in Axes
  4654 | D:3      | HP: 1/51 [water moccasin (3)]
  4658 | D:3      | Succumbed to a water moccasin's poison

Illustrated notes

Levels and vault maps discovered:
D:1:      dpeg_arrival_windows_large_door, layout_loops_cross,
          minmay_small_reverse_x
D:2:      layout_basic, shapermc_ecumenical_altar_venn,
          hangedman_decor_riveting, uniq_crazy_yiuf_cottage
D:3:      layout_basic
D:4:      layout_cave_pools, serial_shops, kennysheep_mini

Skill      XL: |  1  2  3  4  5  6 |
---------------+-------------------+-----
Axes           | 3 4 5 6 8 9 |  9.0
Fighting       | |  3.6
Armour         | |  3.2
Shields        | |  3.2

Action                   |  1- 3 |  4- 6 || total
-------------------------+-------+-------++-------
Melee: War axe           |    88 |   111 ||   199
  Use: Potion            |       |     5 ||     5
Armor: Scale mail        |    55 |    42 ||    97
Dodge: Dodged            |    28 |    40 ||    68
Block: Kite shield       |    56 |    79 ||   135

Table legend: (Time is in decaauts)
 A = Elapsed time spent in this place.
 B = Non-inter-level travel time spent in this place.
 C = Inter-level travel time spent in this place.
 D = Time resting spent in this place.
 E = Time spent auto-exploring this place.
 F = Levels seen in this place.
 G = Mean time per level.
                   A        B        C        D        E       F      G
               +--------+--------+--------+--------+--------+-----+--------+
         Total |   4720 |   4628 |     92 |   2048 |   2087 |   4 | 1180.0 |
       Dungeon |   4720 |   4628 |     92 |   2048 |   2087 |   4 | 1180.0 |
               +--------+--------+--------+--------+--------+-----+--------+

Top non-repeatable levels by time:
     D:2: 1668 daAuts
     D:3: 1616 daAuts
     D:1: 1294 daAuts
     D:4: 140 daAuts
